 Dungeon Crawl Stone Soup version 0.29.1-12-g30fa7ad0bf (webtiles) character file.

Game seed: 16799333705788394980

64349 mopl the Nimble (level 14, -10/114 HPs)
             Began as a Gnoll Monk on Jan 2, 2023.
             Was the Champion of Jiyva.
             Mangled by an orc warlord
             ... wielding a +3 battleaxe of electrocution
              (20 damage)
             ... on level 2 of the Orcish Mines.
             The game lasted 00:29:05 (13353 turns).

mopl the Nimble (Gnoll Monk)                       Turns: 13353, Time: 00:29:06

Health: -10/114    AC: 17    Str: 15    XL:     14   Next: 59%
Magic:  27/27      EV: 18    Int: 14    God:    Jiyva [******]
Gold:   1275       SH: 12    Dex: 19    Spells: 32/32 levels left

rFire   + . .      SeeInvis .   a - +1 broad axe (flame)
rCold   + . .      Faith    .   l - +0 kite shield
rNeg    . . .      Spirit   .   w - +0 acid dragon scales
rPois   .          Reflect  .   u - +0 helmet
rElec   .          Harm     .   M - scarf {rC+ rF+}
rCorr   +          Rampage  .   (no gloves)
Will    +....                   R - +0 pair of boots
Stlth   ++++++....              (no amulet)
HPRegen 1.89/turn               j - +6 ring of dexterity
MPRegen 0.70/turn               T - ring of flight

@: calling ooze, flying
A: fangs 1, strong nose, distributed training, hooves 2, iridescent scales 3,
clever 1, wild magic 1, acidic bite, eyeballs 2, translucent skin 2, jelly
absorbing missiles, sturdy frame 2, engulf
}: 1/15 runes: slimy
a: Renounce Religion, Oozemancy, Slimify


You were on level 2 of the Orcish Mines.
You worshipped Jiyva.
Jiyva was exalted by your worship.
You visited 4 branches of the dungeon, and saw 22 of its levels.
You also visited: Sewer.

You collected 1292 gold pieces.
You spent 17 gold pieces at shops.

Inventory:

Hand Weapons
 a - a +1 broad axe of flaming (weapon)
 f - a +6 eveningstar
 v - the +7 scimitar of Calamity {elec, rC+ Str+3}
   (You found it on level 10 of the Dungeon)

   It occasionally discharges a powerful burst of electricity upon striking a
   foe.
   Str:       It affects your strength (+3).
   rC:        It protects you from cold.
 U - the +9 shortbow of Quantum Leap {freeze, Will+}
   (You found it on level 5 of the Pits of Slime)

   Any ammunition fired from it freezes those it strikes, dealing additional
   cold damage.
   It can also slow down cold-blooded creatures.
   Will:      It increases your willpower.
 Y - the +8 morningstar of Fiochozim {elec, rN+}
   (You found it on level 10 of the Dungeon)

   It occasionally discharges a powerful burst of electricity upon striking a
   foe.
   rN:        It protects you from negative energy.
Missiles
 b - 5 boomerangs
 x - 5 javelins
 B - 5 atropa-tipped darts (quivered)
 F - a curare-tipped dart
 Q - 4 poisoned darts
 W - a throwing net
Armour
 l - a +0 kite shield (worn)
 n - a +2 ring mail of positive energy
 u - a +0 helmet (worn)
 w - +0 acid dragon scales (worn)
 G - the +0 pair of boots of Betoapudud {+Blink rPois rF+++ Will-}
   (You found it in a sewer)

   rF:        It renders you almost immune to fire.
   rPois:     It protects you from poison.
   +Blink:    It lets you blink.
   Will:      It decreases your willpower.
 H - a +0 leather armour of poison resistance
 M - a scarf of resistance (worn)
 R - a +0 pair of boots (worn)
 Z - an orb of light
Magical Staves
 P - a staff of poison
Jewellery
 j - a +6 ring of dexterity (left hand)
 m - a ring of fire
 T - a ring of flight (right hand)
Wands
 d - a wand of digging (2)
 y - a wand of polymorph (23)
 A - a wand of iceblast (4)
 J - a wand of paralysis (8)
 K - a wand of flame (31)
 S - a wand of mindburst (2)
Scrolls
 e - 3 scrolls of magic mapping {unknown}
 i - 4 scrolls of silence {unknown}
 s - 11 scrolls of teleportation {unknown}
 z - 2 scrolls of fear {unknown}
 D - 2 scrolls of fog {unknown}
 E - 5 scrolls of immolation {unknown}
 I - 2 scrolls of amnesia {unknown}
 L - a scroll of acquirement {unknown}
 N - a scroll of poison {unknown}
 V - a scroll of torment {unknown}
Potions
 c - 2 potions of ambrosia
 g - 4 potions of flight
 h - 4 potions of might
 k - 2 potions of heal wounds
 o - 11 potions of curing
 p - 5 potions of mutation {!q}
 q - 3 potions of haste
 r - a potion of berserk rage {!q}
 t - 2 potions of brilliance
 C - 4 potions of lignification {!q}
 O - a potion of invisibility
 X - a potion of resistance {unknown}


   Skills:
 + Level 11.6 Fighting
 + Level 9.7 Short Blades
 + Level 9.7 Long Blades
 + Level 9.7 Axes
 + Level 11.6 Maces & Flails
 + Level 9.7 Polearms
 + Level 9.7 Staves
 + Level 9.7 Ranged Weapons
 + Level 9.7 Throwing
 + Level 9.7 Armour
 + Level 11.6 Dodging
 + Level 10.6 Stealth
 + Level 9.7 Shields
 + Level 9.7 Unarmed Combat
 + Level 9.7 Spellcasting
 + Level 8.1 Conjurations
 + Level 8.1 Hexes
 + Level 8.1 Summonings
 + Level 8.1 Necromancy
 + Level 8.1 Translocations
 + Level 8.1 Transmutations
 + Level 8.1 Fire Magic
 + Level 8.1 Ice Magic
 + Level 8.1 Air Magic
 + Level 8.1 Earth Magic
 + Level 8.1 Poison Magic
 + Level 10.5 Invocations
 + Level 9.7 Evocations


You had 32 spell levels left.
You didn't know any spells.
Your spell library contained the following spells:

 Spells                   Type           Power      Damage    Failure   Level
 Freeze                   Ice            100%       1d11      1%          1
 Summon Small Mammal      Summ           100%       N/A       1%          1
 Ensorcelled Hibernation  Hex/Ice        76%        N/A       2%          2
 Passwall                 Tmut/Erth      31%        N/A       2%          2
 Call Canine Familiar     Summ           38%        N/A       4%          3
 Frozen Ramparts          Ice            76%        1d12      4%          3
 Portal Projectile        Hex/Tloc       76%        N/A       4%          3
 Summon Guardian Golem    Hex/Summ       38%        N/A       4%          3
 Swiftness                Air            38%        N/A       4%          3
 Hailstorm                Conj/Ice       38%        3d9       13%         4
 Leda's Liquefaction      Hex/Erth       19%        N/A       13%         4
 Fireball                 Conj/Fire      19%        3d9       32%         5
 Iskenderun's Battlesphe  Conj           38%        2d9       32%         5
 Conjure Ball Lightning   Conj/Air       19%        3x3d6     86%         6
 Starburst                Conj/Fire      19%        6d7       86%         6
 Orb of Destruction       Conj           19%        9d8       100%        7
 Ignition                 Fire           19%        3d7       100%        8


Dungeon Overview and Level Annotations

Branches:
Dungeon (10/15)            Temple (0/1) D:6            Lair (5/5) D:9
  Swamp (0/4) Lair:2       Spider (0/4) Lair:2        Slime (5/5) Lair:4
    Orc (2/2) D:9           Sewer (visited)
    Elf: Orc:2

Altars:
Fedhas
Okawaru
Wu Jian
Xom
The Shining One
Jiyva

Shops:
D:1 *   D:3 (((   D:8 *   D:10 *   Orc:1 *

Annotations:
D:1 dig
Slime:5 Royal Jelly


Innate Abilities, Weirdness & Mutations

You have very sharp teeth.
Your uncanny sense of smell can sniff out nearby items.
Your experience applies equally to all skills.
You have hoof-like feet.
You are completely covered in iridescent scales. (AC +6)
Your mind is acute. (Int +4, Str/Dex -1)
Your spells are a little harder to cast, but a little more powerful.
You have acidic saliva.
Your body has grown many eyes which may confuse attackers. (Acc +5)
Your translucent skin reduces your foes' accuracy. (Stealth+)
You have a small jelly attached to you that may absorb projectiles.
Your movements are less encumbered by armour. (ER -4)
Your melee attacks may engulf your foes in ooze.


Message History

The walls burn the orc warlord!
You block the orc warlord's attack.
The orc high priest prays.
Unknown command.
You hit the orc warlord. You burn the orc warlord.
You bite the orc warlord, but do no damage.
The orc warlord is heavily wounded.
An orc comes into view. It is wielding a +0 flail.
The walls burn the orc warlord!
The orc warlord hits you but does no damage.
The wall burns the orc warrior!
The wall burns the orc priest!
You barely miss the orc warlord.
The orc warlord is heavily wounded.
The wall burns the orc priest!
The orc priest mumbles some strange prayers to Beogh against you.
Beogh smites you!
The wall burns the orc warrior!
The walls burn the orc warlord!
You block the orc warlord's attack.
The walls burn the orc warrior!
The orc warrior unwields a +3 halberd.
The orc warrior wields a +0 arbalest.
The orc warrior shoots a bolt.
You block the bolt.
The orc high priest mumbles some strange prayers to Beogh against you.
Beogh smites you!
* * * LOW HITPOINT WARNING * * *
The walls burn the orc warlord!
The orc warlord roars a battlecry!
The orc goes into a battle-frenzy!
You hear a shout! x2
You barely miss the orc warlord.
The orc warlord is severely wounded.
The orc high priest no longer looks unusually strong.
The walls burn the orc warrior!
The orc warrior shoots a bolt.
The bolt closely misses you.
The orc priest begins to cast a cantrip, but forgets the words!
The orc high priest mumbles some strange prayers to Beogh against you.
Beogh smites you!
* * * LOW HITPOINT WARNING * * *
The walls burn the orc warlord!
The orc warlord hits you with a +3 battleaxe of electrocution!
* * * LOW HITPOINT WARNING * * *
You are electrocuted!!
You die...

............##.##.#.....o.
........... ...^..........
.#..#...... #...o........
........... #..ooooo.o..
..........# #.ooo..o...
..#....#.## #oooo......
......#...# #####o#.......
..##.###...##.###[#....o..
..#### #.##...#@o######..
...# #######..[[[.# .
..####..###.......# .##
#....###......# ##
##....###.....# .##
#.....# ###..†# ..#
#....## #...# .##
##....#####...# ..#
###...#......#


You could see an orc warlord, an orc high priest, 4 orc warriors, 4 orc priests
and 2 orcs.

Vanquished Creatures
  An orc warlord (Orc:1)
  Fannar (D:10)
  Harold (Lair:2)
  4 hydras
  A boulder beetle (Lair:3)
  A two-headed ogre (D:10)
  An orc high priest (Orc:2)
  Urug (D:10)
  Amaemon (Lair:3)
  4 orc knights
  2 orc sorcerers (Orc:2)
  9 elephants
  3 black mambas (Lair:5)
  Maurice (D:10)
  An orange demon (Lair:3)
  5 cane toads
  Maggie (D:6)
  4 rime drakes
  10 komodo dragons
  3 trolls (Orc:1)
  4 hornets
  Grinder (D:5)
  8 polar bears
  2 dream sheep (Lair:5)
  24 blink frogs
  3 jumping spiders (Lair:2)
  13 spriggans (Lair:5)
  A shadow (D:9)
  2 basilisks
  24 yaks
  4 wyverns
  2 redbacks (Lair:2)
  3 steam dragons
  4 vampire mosquitoes (Lair:2)
  Menkaure (D:7)
  4 wargs
  Edmund (D:6)
  4 acid dragons
  8 water moccasins
  Duvessa (D:6)
  17 orc warriors
  12 black bears
  A sky beast (D:7)
  5 boggarts (Lair:5)
  6 ogres
  65 wolves
  4 centaurs
  3 phantoms
  A kobold brigand (Sewer)
  6 bullfrogs
  6 scorpions
  2 gnoll sergeants
  A necrophage (D:7)
  10 wights
  Dowan (D:6)
  8 killer bees
  A howler monkey (D:5)
  3 electric eels
  3 hounds
  6 orc priests
  2 jellies
  Crazy Yiuf (D:4)
  A gnoll bouda (D:5)
  An iguana (D:5)
  14 orc wizards
  8 adders
  13 gnolls
  2 shadow imps
  2 white imps
  6 ufetubi
  A worm (D:5)
  2 dart slugs
  39 orcs
  6 ball pythons
  A bat zombie (Sewer)
  2 endoplasms (D:1)
  7 giant cockroaches
  7 hobgoblins
  6 jackals (D:1)
  4 quokkas
  3 bats
  2 frilled lizards
  7 goblins
  17 kobolds
  A kobold zombie (Sewer)
  4 rats
489 creatures vanquished.

Vanquished Creatures (collateral kills)
  A catoblepas (Lair:3)
  A cane toad (Lair:3)
  3 komodo dragons
  An iguana (D:6)
6 creatures vanquished.

Vanquished Creatures (others)
  A basilisk (Lair:3)
  A water moccasin (Lair:4)
  An orc warrior (Orc:2)
  An ice beast (D:7)
  2 centaurs (Lair:3)
  A kobold brigand (D:10)
  A bullfrog (Lair:1)
  A scorpion (D:4)
  A killer bee (D:9)
  3 orc priests
  A hound (D:6)
  57 jellies
  An iguana (D:6)
  Ijyb (D:5)
  7 orc wizards (Orc:2)
  An adder (D:5)
  3 shadow imps (Sewer)
  2 ufetubi (Sewer)
  A worm (D:5)
  4 orcs
  A ball python (D:3)
  A bat zombie (Sewer)
  An endoplasm (Sewer)
  2 giant cockroaches
  A goblin (D:3)
  A giant cockroach zombie (Sewer)
  13 kobolds
  A kobold zombie (Sewer)
  55 fungi
  63 plants
230 creatures vanquished.

Grand Total: 725 creatures vanquished

Notes
Turn   | Place    | Note
-------+----------+-------------------------------------------
     0 | D:1      | mopl the Gnoll Monk began the quest for the Orb.
     0 | D:1      | Reached XP level 1. HP: 23/23 MP: 1/1
    61 | D:1      | Found Koerorph's General Store.
   112 | D:1      | Reached XP level 2. HP: 22/29 MP: 2/2
   535 | D:1      | Reached XP level 3. HP: 31/35 MP: 3/3
   978 | D:2      | Reached skill level 1 in Invocations
  1000 | D:2      | Found a faded altar of an unknown god.
  1040 | D:2      | Prayed at the altar of an unknown god.
  1040 | D:2      | Became a worshipper of Jiyva Jaekid the Shapeless
  1040 | D:2      | Reached * piety under Jiyva
  1040 | D:2      | Reached ** piety under Jiyva
  1108 | D:2      | Reached skill level 1 in Short Blades
  1108 | D:2      | Reached skill level 1 in Long Blades
  1108 | D:2      | Reached skill level 1 in Axes
  1108 | D:2      | Reached skill level 1 in Polearms
  1108 | D:2      | Reached skill level 1 in Staves
  1108 | D:2      | Reached skill level 1 in Ranged Weapons
  1108 | D:2      | Reached skill level 1 in Throwing
  1108 | D:2      | Reached skill level 1 in Armour
  1108 | D:2      | Reached skill level 1 in Shields
  1108 | D:2      | Reached skill level 1 in Unarmed Combat
  1108 | D:2      | Reached skill level 1 in Spellcasting
  1108 | D:2      | Reached skill level 1 in Evocations
  1186 | D:2      | Reached *** piety under Jiyva
  1256 | D:2      | Gained mutation: You expend magic power (3 MP) to
                  | strengthen your wands. [Jiyva's grace]
  1256 | D:2      | Gained mutation: You have supernaturally acute eyesight.
                  | (SInv) [Jiyva's grace]
  1256 | D:2      | Gained mutation: A frigid envelope surrounds you and
                  | freezes all who hurt you. [Jiyva's grace]
  1256 | D:2      | Gained mutation: You have a small jelly attached to you
                  | that may absorb projectiles. [Jiyva's grace]
  1637 | D:3      | Reached XP level 4. HP: 41/41 MP: 5/5
  1716 | D:3      | Reached skill level 1 in Conjurations
  1716 | D:3      | Reached skill level 1 in Hexes
  1716 | D:3      | Reached skill level 1 in Summonings
  1716 | D:3      | Reached skill level 1 in Necromancy
  1716 | D:3      | Reached skill level 1 in Translocations
  1716 | D:3      | Reached skill level 1 in Transmutations
  1716 | D:3      | Reached skill level 1 in Fire Magic
  1716 | D:3      | Reached skill level 1 in Ice Magic
  1716 | D:3      | Reached skill level 1 in Air Magic
  1716 | D:3      | Reached skill level 1 in Earth Magic
  1716 | D:3      | Reached skill level 1 in Poison Magic
  1720 | D:3      | Found Socueq's Weapon Shoppe.
  1779 | D:3      | Found Juezix's Antique Weapon Shop.
  1791 | D:3      | Found Kunoro's Antique Weapon Shop.
  1920 | D:3      | Noticed a scorpion
  1930 | D:3      | Killed a scorpion
  1931 | D:3      | Reached XP level 5. HP: 47/47 MP: 5/7
  2270 | D:4      | Reached skill level 2 in Invocations
  2282 | D:4      | Reached XP level 6. HP: 53/53 MP: 8/8
  2333 | D:4      | Noticed a black bear
  2338 | D:4      | Killed a black bear
  2339 | D:4      | Reached skill level 2 in Short Blades
  2339 | D:4      | Reached skill level 2 in Long Blades
  2339 | D:4      | Reached skill level 2 in Axes
  2339 | D:4      | Reached skill level 2 in Polearms
  2339 | D:4      | Reached skill level 2 in Staves
  2339 | D:4      | Reached skill level 2 in Ranged Weapons
  2339 | D:4      | Reached skill level 2 in Throwing
  2339 | D:4      | Reached skill level 2 in Armour
  2339 | D:4      | Reached skill level 2 in Shields
  2339 | D:4      | Reached skill level 2 in Unarmed Combat
  2339 | D:4      | Reached skill level 2 in Spellcasting
  2339 | D:4      | Reached skill level 2 in Evocations
  2378 | D:4      | Noticed a water moccasin
  2382 | D:4      | Killed a water moccasin
  2383 | D:4      | Reached skill level 7 in Fighting
  2383 | D:4      | Reached skill level 7 in Maces & Flails
  2383 | D:4      | Reached skill level 7 in Dodging
  2383 | D:4      | Reached XP level 7. HP: 53/60 MP: 10/10
  2393 | D:4      | Reached **** piety under Jiyva
  2405 | D:4      | Reached skill level 2 in Conjurations
  2405 | D:4      | Reached skill level 2 in Hexes
  2405 | D:4      | Reached skill level 2 in Summonings
  2405 | D:4      | Reached skill level 2 in Necromancy
  2405 | D:4      | Reached skill level 2 in Translocations
  2405 | D:4      | Reached skill level 2 in Transmutations
  2405 | D:4      | Reached skill level 2 in Fire Magic
  2405 | D:4      | Reached skill level 2 in Ice Magic
  2405 | D:4      | Reached skill level 2 in Air Magic
  2405 | D:4      | Reached skill level 2 in Earth Magic
  2405 | D:4      | Reached skill level 2 in Poison Magic
  2467 | D:4      | Reached skill level 5 in Stealth
  2467 | D:4      | Reached skill level 3 in Invocations
  2764 | D:4      | Found a runed translucent door.
  2765 | D:4      | Noticed Crazy Yiuf
  2773 | D:4      | Killed Crazy Yiuf
  3025 | D:5      | Entered Level 5 of the Dungeon
  3031 | D:5      | Reached skill level 3 in Short Blades
  3031 | D:5      | Reached skill level 3 in Long Blades
  3031 | D:5      | Reached skill level 3 in Axes
  3031 | D:5      | Reached skill level 3 in Polearms
  3031 | D:5      | Reached skill level 3 in Staves
  3031 | D:5      | Reached skill level 3 in Ranged Weapons
  3031 | D:5      | Reached skill level 3 in Throwing
  3031 | D:5      | Reached skill level 3 in Armour
  3031 | D:5      | Reached skill level 3 in Shields
  3031 | D:5      | Reached skill level 3 in Unarmed Combat
  3031 | D:5      | Reached skill level 3 in Spellcasting
  3031 | D:5      | Reached skill level 3 in Evocations
  3031 | D:5      | Reached XP level 8. HP: 50/67 MP: 12/12
  3102 | D:5      | Lost mutation: You have supernaturally acute eyesight.
                  | (SInv) [Jiyva's grace]
  3102 | D:5      | Lost mutation: A frigid envelope surrounds you and freezes
                  | all who hurt you. [Jiyva's grace]
  3102 | D:5      | Gained mutation: You are covered in slimy tendrils that may
                  | disarm your opponents. [Jiyva's grace]
  3102 | D:5      | Gained mutation: You are partially covered in iridescent
                  | scales. (AC +2) [Jiyva's grace]
  3102 | D:5      | Gained mutation: You are mostly covered in iridescent
                  | scales. (AC +4) [Jiyva's grace]
  3102 | D:5      | Gained mutation: You are completely covered in iridescent
                  | scales. (AC +6) [Jiyva's grace]
  3155 | D:5      | Reached ***** piety under Jiyva
  3168 | D:5      | Found a glowing drain.
  3216 | D:5      | Noticed Grinder
  3226 | D:5      | Paralysed by Grinder for 3 turns
  3247 | D:5      | Killed Grinder
  3288 | Sewer    | Entered a sewer
  3397 | Sewer    | Found an ancient bone altar of Kikubaaqudgha.
  3437 | Sewer    | Reached skill level 4 in Invocations
  3464 | Sewer    | Identified the +0 pair of boots of Betoapudud {+Blink rPois
                  | rF+++ Will-}
  3550 | D:5      | Reached skill level 3 in Conjurations
  3550 | D:5      | Reached skill level 3 in Hexes
  3550 | D:5      | Reached skill level 3 in Summonings
  3550 | D:5      | Reached skill level 3 in Necromancy
  3550 | D:5      | Reached skill level 3 in Translocations
  3550 | D:5      | Reached skill level 3 in Transmutations
  3550 | D:5      | Reached skill level 3 in Fire Magic
  3550 | D:5      | Reached skill level 3 in Ice Magic
  3550 | D:5      | Reached skill level 3 in Air Magic
  3550 | D:5      | Reached skill level 3 in Earth Magic
  3550 | D:5      | Reached skill level 3 in Poison Magic
  3724 | D:5      | Reached XP level 9. HP: 73/73 MP: 14/14
  3899 | D:5      | Reached skill level 4 in Short Blades
  3899 | D:5      | Reached skill level 4 in Long Blades
  3899 | D:5      | Reached skill level 4 in Axes
  3899 | D:5      | Reached skill level 4 in Polearms
  3899 | D:5      | Reached skill level 4 in Staves
  3899 | D:5      | Reached skill level 4 in Ranged Weapons
  3899 | D:5      | Reached skill level 4 in Throwing
  3899 | D:5      | Reached skill level 4 in Armour
  3899 | D:5      | Reached skill level 4 in Shields
  3899 | D:5      | Reached skill level 4 in Unarmed Combat
  3899 | D:5      | Reached skill level 4 in Spellcasting
  3899 | D:5      | Reached skill level 4 in Evocations
  3905 | D:5      | Killed Ijyb
  3951 | D:6      | Noticed Maggie
  3967 | D:6      | Killed Maggie
  3968 | D:6      | Reached skill level 6 in Stealth
  4158 | D:6      | Noticed Edmund
  4170 | D:6      | Killed Edmund
  4243 | D:6      | Found a staircase to the Ecumenical Temple.
  4255 | D:6      | Reached skill level 8 in Fighting
  4255 | D:6      | Reached skill level 8 in Maces & Flails
  4255 | D:6      | Reached skill level 8 in Dodging
  4418 | D:6      | Found a glowing golden altar of the Shining One.
  4423 | D:6      | Found an ornate altar of the Wu Jian Council.
  4486 | D:6      | Noticed Dowan
  4487 | D:6      | Noticed Duvessa
  4495 | D:6      | Killed Dowan
  4504 | D:6      | Killed Duvessa
  4505 | D:6      | Reached skill level 5 in Invocations
  4592 | D:7      | Gained mutation: You have acidic saliva. [Jiyva's grace]
  4592 | D:7      | Gained mutation: You have large cloven feet. [Jiyva's
                  | grace]
  4592 | D:7      | Gained mutation: You have hoof-like feet. [Jiyva's grace]
  4592 | D:7      | Gained mutation: You have hooves in place of feet. [Jiyva's
                  | grace]
  4625 | D:7      | Noticed Menkaure
  4631 | D:7      | Killed Menkaure
  4661 | D:7      | Reached skill level 4 in Conjurations
  4661 | D:7      | Reached skill level 4 in Hexes
  4661 | D:7      | Reached skill level 4 in Summonings
  4661 | D:7      | Reached skill level 4 in Necromancy
  4661 | D:7      | Reached skill level 4 in Translocations
  4661 | D:7      | Reached skill level 4 in Transmutations
  4661 | D:7      | Reached skill level 4 in Fire Magic
  4661 | D:7      | Reached skill level 4 in Ice Magic
  4661 | D:7      | Reached skill level 4 in Air Magic
  4661 | D:7      | Reached skill level 4 in Earth Magic
  4661 | D:7      | Reached skill level 4 in Poison Magic
  4781 | D:7      | Reached ****** piety under Jiyva
  5215 | D:7      | Reached skill level 5 in Short Blades
  5215 | D:7      | Reached skill level 5 in Long Blades
  5215 | D:7      | Reached skill level 5 in Axes
  5215 | D:7      | Reached skill level 5 in Polearms
  5215 | D:7      | Reached skill level 5 in Staves
  5215 | D:7      | Reached skill level 5 in Ranged Weapons
  5215 | D:7      | Reached skill level 5 in Throwing
  5215 | D:7      | Reached skill level 5 in Armour
  5215 | D:7      | Reached skill level 5 in Shields
  5215 | D:7      | Reached skill level 5 in Unarmed Combat
  5215 | D:7      | Reached skill level 5 in Spellcasting
  5215 | D:7      | Reached skill level 5 in Evocations
  5215 | D:7      | Reached XP level 10. HP: 81/81 MP: 17/17
  5529 | D:8      | Found Camos's Elemental Accessories.
  5985 | D:9      | Found a staircase to the Lair.
  6056 | D:9      | Reached skill level 6 in Invocations
  6094 | D:9      | Reached skill level 7 in Stealth
  6215 | D:9      | Found a staircase to the Orcish Mines.
  6276 | D:9      | Lost mutation: You have hooves in place of feet. [Jiyva's
                  | grace]
  6276 | D:9      | Lost mutation: You are completely covered in iridescent
                  | scales. (AC +6) [Jiyva's grace]
  6276 | D:9      | Gained mutation: You are completely covered in iridescent
                  | scales. (AC +6) [Jiyva's grace]
  6276 | D:9      | Gained mutation: Your translucent skin slightly reduces
                  | your foes' accuracy. (Stealth+) [Jiyva's grace]
  6276 | D:9      | Gained mutation: Your translucent skin reduces your foes'
                  | accuracy. (Stealth+) [Jiyva's grace]
  6276 | D:9      | Gained mutation: Your transparent skin significantly
                  | reduces your foes' accuracy. (Stealth+) [Jiyva's grace]
  6505 | D:9      | Found a blossoming altar of Fedhas.
  6753 | Lair:1   | Entered Level 1 of the Lair of Beasts
  6782 | Lair:1   | Reached skill level 9 in Fighting
  6782 | Lair:1   | Reached skill level 9 in Maces & Flails
  6782 | Lair:1   | Reached skill level 9 in Dodging
  6870 | Lair:1   | Reached skill level 6 in Short Blades
  6870 | Lair:1   | Reached skill level 6 in Long Blades
  6870 | Lair:1   | Reached skill level 6 in Axes
  6870 | Lair:1   | Reached skill level 6 in Polearms
  6870 | Lair:1   | Reached skill level 6 in Staves
  6870 | Lair:1   | Reached skill level 6 in Ranged Weapons
  6870 | Lair:1   | Reached skill level 6 in Throwing
  6870 | Lair:1   | Reached skill level 6 in Armour
  6870 | Lair:1   | Reached skill level 6 in Shields
  6870 | Lair:1   | Reached skill level 6 in Unarmed Combat
  6870 | Lair:1   | Reached skill level 6 in Spellcasting
  6870 | Lair:1   | Reached skill level 5 in Conjurations
  6870 | Lair:1   | Reached skill level 5 in Hexes
  6870 | Lair:1   | Reached skill level 5 in Summonings
  6870 | Lair:1   | Reached skill level 5 in Necromancy
  6870 | Lair:1   | Reached skill level 5 in Translocations
  6870 | Lair:1   | Reached skill level 5 in Transmutations
  6870 | Lair:1   | Reached skill level 5 in Fire Magic
  6870 | Lair:1   | Reached skill level 5 in Ice Magic
  6870 | Lair:1   | Reached skill level 5 in Air Magic
  6870 | Lair:1   | Reached skill level 5 in Earth Magic
  6870 | Lair:1   | Reached skill level 5 in Poison Magic
  6870 | Lair:1   | Reached skill level 6 in Evocations
  6874 | Lair:1   | Reached XP level 11. HP: 85/89 MP: 20/20
  6879 | Lair:1   | Identified the +2 ring mail of Magic {Harm rElec rC+ Dex+3}
  7258 | Lair:1   | Reached skill level 7 in Invocations
  7739 | Lair:2   | Reached skill level 8 in Stealth
  7853 | Lair:2   | Lost mutation: You are covered in slimy tendrils that may
                  | disarm your opponents. [Jiyva's grace]
  7853 | Lair:2   | Lost mutation: You expend magic power (3 MP) to strengthen
                  | your wands. [Jiyva's grace]
  7853 | Lair:2   | Gained mutation: Your body has grown eyes which may confuse
                  | attackers. (Acc +3) [Jiyva's grace]
  7853 | Lair:2   | Gained mutation: Your body has grown many eyes which may
                  | confuse attackers. (Acc +5) [Jiyva's grace]
  7853 | Lair:2   | Gained mutation: Your body is covered in eyes which may
                  | confuse attackers. (Acc +7, SInv) [Jiyva's grace]
  7853 | Lair:2   | Gained mutation: Your spells are a little harder to cast,
                  | but a little more powerful. [Jiyva's grace]
  7858 | Lair:2   | Noticed a six-headed hydra
  7866 | Lair:2   | Killed a two-headed hydra
  7867 | Lair:2   | Reached skill level 7 in Short Blades
  7867 | Lair:2   | Reached skill level 7 in Long Blades
  7867 | Lair:2   | Reached skill level 7 in Axes
  7867 | Lair:2   | Reached skill level 7 in Polearms
  7867 | Lair:2   | Reached skill level 7 in Staves
  7867 | Lair:2   | Reached skill level 7 in Ranged Weapons
  7867 | Lair:2   | Reached skill level 7 in Throwing
  7867 | Lair:2   | Reached skill level 7 in Armour
  7867 | Lair:2   | Reached skill level 7 in Shields
  7867 | Lair:2   | Reached skill level 7 in Unarmed Combat
  7867 | Lair:2   | Reached skill level 7 in Spellcasting
  7867 | Lair:2   | Reached skill level 7 in Evocations
  7875 | Lair:2   | Found a hole to the Spider Nest.
  7888 | Lair:2   | Reached XP level 12. HP: 82/97 MP: 22/22
  8001 | Lair:2   | Found a staircase to the Swamp.
  8001 | Lair:2   | Noticed Harold
  8036 | Lair:2   | Killed Harold
  8037 | Lair:2   | Reached skill level 6 in Conjurations
  8037 | Lair:2   | Reached skill level 6 in Hexes
  8037 | Lair:2   | Reached skill level 6 in Summonings
  8037 | Lair:2   | Reached skill level 6 in Necromancy
  8037 | Lair:2   | Reached skill level 6 in Translocations
  8037 | Lair:2   | Reached skill level 6 in Transmutations
  8037 | Lair:2   | Reached skill level 6 in Fire Magic
  8037 | Lair:2   | Reached skill level 6 in Ice Magic
  8037 | Lair:2   | Reached skill level 6 in Air Magic
  8037 | Lair:2   | Reached skill level 6 in Earth Magic
  8037 | Lair:2   | Reached skill level 6 in Poison Magic
  8151 | Lair:2   | Reached skill level 8 in Invocations
  8639 | Lair:3   | Noticed a boulder beetle
  8654 | Lair:3   | Killed a boulder beetle
  8655 | Lair:3   | Reached skill level 10 in Fighting
  8655 | Lair:3   | Reached skill level 10 in Maces & Flails
  8655 | Lair:3   | Reached skill level 10 in Dodging
  8673 | Lair:3   | Noticed Amaemon
  8708 | Lair:3   | Killed Amaemon
  8808 | Lair:3   | Noticed a catoblepas
  8818 | Lair:3   | Killed a catoblepas
  9210 | Lair:3   | Found an iron altar of Okawaru.
  9381 | Lair:4   | Reached skill level 9 in Stealth
  9489 | Lair:4   | Reached skill level 8 in Short Blades
  9489 | Lair:4   | Reached skill level 8 in Long Blades
  9489 | Lair:4   | Reached skill level 8 in Axes
  9489 | Lair:4   | Reached skill level 8 in Polearms
  9489 | Lair:4   | Reached skill level 8 in Staves
  9489 | Lair:4   | Reached skill level 8 in Ranged Weapons
  9489 | Lair:4   | Reached skill level 8 in Throwing
  9489 | Lair:4   | Reached skill level 8 in Armour
  9489 | Lair:4   | Reached skill level 8 in Shields
  9489 | Lair:4   | Reached skill level 8 in Unarmed Combat
  9489 | Lair:4   | Reached skill level 8 in Spellcasting
  9489 | Lair:4   | Reached skill level 8 in Evocations
  9632 | Lair:4   | Reached XP level 13. HP: 104/104 MP: 25/25
  9695 | Lair:4   | Reached skill level 9 in Invocations
  9696 | Lair:4   | Found a staircase to the Slime Pits.
 10054 | Lair:4   | Reached skill level 7 in Conjurations
 10054 | Lair:4   | Reached skill level 7 in Hexes
 10054 | Lair:4   | Reached skill level 7 in Summonings
 10054 | Lair:4   | Reached skill level 7 in Necromancy
 10054 | Lair:4   | Reached skill level 7 in Translocations
 10054 | Lair:4   | Reached skill level 7 in Transmutations
 10054 | Lair:4   | Reached skill level 7 in Fire Magic
 10054 | Lair:4   | Reached skill level 7 in Ice Magic
 10054 | Lair:4   | Reached skill level 7 in Air Magic
 10054 | Lair:4   | Reached skill level 7 in Earth Magic
 10054 | Lair:4   | Reached skill level 7 in Poison Magic
 10065 | Lair:4   | Lost mutation: You are completely covered in iridescent
                  | scales. (AC +6) [Jiyva's grace]
 10065 | Lair:4   | Lost mutation: You are mostly covered in iridescent scales.
                  | (AC +4) [Jiyva's grace]
 10065 | Lair:4   | Lost mutation: You have acidic saliva. [Jiyva's grace]
 10065 | Lair:4   | Lost mutation: Your transparent skin significantly reduces
                  | your foes' accuracy. (Stealth+) [Jiyva's grace]
 10065 | Lair:4   | Gained mutation: Your melee attacks may engulf your foes in
                  | ooze. [Jiyva's grace]
 10065 | Lair:4   | Gained mutation: Your movements are slightly less
                  | encumbered by armour. (ER -2) [Jiyva's grace]
 10065 | Lair:4   | Gained mutation: Your movements are less encumbered by
                  | armour. (ER -4) [Jiyva's grace]
 10065 | Lair:4   | Gained mutation: Your movements are significantly less
                  | encumbered by armour. (ER -6) [Jiyva's grace]
 10232 | Lair:5   | Entered Level 5 of the Lair of Beasts
 10474 | Lair:5   | Reached skill level 11 in Fighting
 10474 | Lair:5   | Reached skill level 11 in Maces & Flails
 10474 | Lair:5   | Reached skill level 11 in Dodging
 10640 | Lair:5   | Reached skill level 9 in Short Blades
 10640 | Lair:5   | Reached skill level 9 in Long Blades
 10640 | Lair:5   | Reached skill level 9 in Axes
 10640 | Lair:5   | Reached skill level 9 in Polearms
 10640 | Lair:5   | Reached skill level 9 in Staves
 10640 | Lair:5   | Reached skill level 9 in Ranged Weapons
 10640 | Lair:5   | Reached skill level 9 in Throwing
 10640 | Lair:5   | Reached skill level 9 in Armour
 10640 | Lair:5   | Reached skill level 9 in Shields
 10640 | Lair:5   | Reached skill level 9 in Unarmed Combat
 10640 | Lair:5   | Reached skill level 9 in Spellcasting
 10640 | Lair:5   | Reached skill level 9 in Evocations
 10698 | Lair:5   | Reached skill level 10 in Stealth
 10781 | Lair:5   | Paralysed by a hornet for 3 turns
 10843 | Lair:5   | Reached XP level 14. HP: 86/113 MP: 27/27
 10847 | Lair:5   | Reached skill level 10 in Invocations
 11406 | Slime:1  | Entered Level 1 of the Pits of Slime
 11406 | Slime:1  | Noticed an acid blob
 11406 | Slime:1  | Noticed an azure jelly
 11417 | Slime:1  | Noticed an azure jelly
 11421 | Slime:2  | Noticed a quicksilver ooze
 11434 | Slime:3  | Noticed a quicksilver ooze
 11435 | Slime:3  | Noticed a rockslime
 11438 | Slime:3  | Noticed an acid blob
 11448 | Slime:5  | Entered Level 5 of the Pits of Slime
 11473 | Slime:5  | Noticed an azure jelly
 11473 | Slime:5  | Noticed a rockslime
 11474 | Slime:5  | Noticed an acid blob
 11475 | Slime:5  | Found a viscous altar of Jiyva.
 11475 | Slime:5  | Noticed an acid blob
 11475 | Slime:5  | Noticed a quicksilver ooze
 11476 | Slime:5  | Noticed a quicksilver ooze
 11476 | Slime:5  | Noticed an acid blob
 11479 | Slime:5  | Noticed the Royal Jelly
 11479 | Slime:5  | Noticed an azure jelly
 11479 | Slime:5  | Noticed an acid blob
 11480 | Slime:5  | Found the +4 robe of Folly {Brilliance Will-∞ Int+8}
 11480 | Slime:5  | Noticed an acid blob
 11496 | Slime:5  | Identified the +1 ring mail of Wetzustytau {rF+ Will+
                  | Str+2}
 11498 | Slime:5  | Identified the +1 battleaxe "Baff" {vorpal, rC+ Int+6}
 11502 | Slime:5  | Noticed a quicksilver ooze
 11512 | Slime:5  | Got a slimy rune of Zot
 11513 | Slime:5  | Identified the +9 shortbow of Quantum Leap {freeze, Will+}
 11533 | Slime:5  | Noticed an azure jelly
 11545 | Slime:3  | Noticed a quicksilver ooze
 11570 | Slime:1  | Noticed an acid blob
 11664 | D:10     | Entered Level 10 of the Dungeon
 11748 | D:10     | Identified the +8 morningstar of Fiochozim {elec, rN+}
 12018 | D:10     | Identified the +7 scimitar of Calamity {elec, rC+ Str+3}
 12052 | D:10     | Noticed Maurice
 12063 | D:10     | Killed Maurice
 12232 | D:10     | Found Penwoam's Lightly-Used Armoury.
 12233 | D:10     | Noticed Urug
 12238 | D:10     | Killed Urug
 12286 | D:10     | Noticed Fannar
 12305 | D:10     | Killed Fannar
 12559 | Orc:1    | Entered Level 1 of the Orcish Mines
 12585 | Orc:1    | Noticed an orc warlord
 12598 | Orc:1    | Killed an orc warlord
 12606 | Orc:1    | Found a shimmering altar of Xom.
 12708 | Orc:1    | Found Lufucenamm's General Store.
 12716 | Orc:1    | Bought a scroll of noise for 17 gold pieces
 12765 | Orc:1    | Reached skill level 8 in Conjurations
 12765 | Orc:1    | Reached skill level 8 in Hexes
 12765 | Orc:1    | Reached skill level 8 in Summonings
 12765 | Orc:1    | Reached skill level 8 in Necromancy
 12765 | Orc:1    | Reached skill level 8 in Translocations
 12765 | Orc:1    | Reached skill level 8 in Transmutations
 12765 | Orc:1    | Reached skill level 8 in Fire Magic
 12765 | Orc:1    | Reached skill level 8 in Ice Magic
 12765 | Orc:1    | Reached skill level 8 in Air Magic
 12765 | Orc:1    | Reached skill level 8 in Earth Magic
 12765 | Orc:1    | Reached skill level 8 in Poison Magic
 12987 | Orc:2    | Entered Level 2 of the Orcish Mines
 12987 | Orc:2    | Lost mutation: Your body is covered in eyes which may
                  | confuse attackers. (Acc +7, SInv) [Jiyva's grace]
 12987 | Orc:2    | Lost mutation: Your movements are significantly less
                  | encumbered by armour. (ER -6) [Jiyva's grace]
 12987 | Orc:2    | Gained mutation: You have acidic saliva. [Jiyva's grace]
 12987 | Orc:2    | Gained mutation: You are mostly covered in iridescent
                  | scales. (AC +4) [Jiyva's grace]
 12987 | Orc:2    | Gained mutation: You are completely covered in iridescent
                  | scales. (AC +6) [Jiyva's grace]
 12987 | Orc:2    | Gained mutation: Your mind is acute. (Int +4, Str/Dex -1)
                  | [Jiyva's grace]
 13324 | Orc:2    | Noticed an orc warlord
 13353 | Orc:2    | Mangled by an orc warlord

Illustrated notes

Levels and vault maps discovered:
D:1:      lemuel_arrival_river_bridge, layout_loops_corners, serial_shops,
          nicolae_shop_statue_plus
D:2:      layout_loops_ring, shapermc_ecumenical_altar_mp_ritualfount,
          minmay_strange_pillars
D:3:      layout_loops_ring, serial_shops, nicolae_shop_crystal, shop_fountains,
          nicolae_shop_statue_plus
D:4:      layout_basic, uniq_crazy_yiuf_cottage
D:5:      layout_basic, gup_sewer_entry_glass, eino_tiny_chamber,
          item_on_display_a, uniq_grinder, uniq_ijyb
D:6:      layout_basic, mainiacjoe_overflow_divided_tiny,
          minmay_temple_entry_glass, serial_rivers,
          chequers_serial_rivers_micro_d, chequers_serial_rivers_small_a,
          chequers_serial_rivers_micro_d, chequers_serial_rivers_small_b,
          chequers_serial_rivers_micro_e, chequers_serial_rivers_small_3,
          uniq_maggie, uniq_edmund, uniq_duvessa
D:7:      layout_gridville, nicolae_hexahallways, minmay_stone_trees_large,
          palyth_stone_intersect, minivault_22, grunt_ministairs_1,
          minmay_misc_feat_doors, uniq_menkaure
D:8:      layout_rooms, minmay_misc_feat_four_crosses, nicolae_elemental_shop
D:9:      layout_gridville, fedhas_ov_isle_minmay,
          grunt_lair_entry_orc_guard_hut, orc_0_dummy, serial_glass,
          glass_columns_b, glass_columns_a, glass_columns_a
D:10:     layout_layer_cave, minmay_shop_damaged, uniq_fannar, uniq_maurice,
          uniq_urug
Lair:1:   beast_lair_carwin_large_3, layout_cave_pods
Lair:2:   layout_hall_layers, minmay_swamp_entry_swarm,
          nicolae_spider_entry_tight_spaces, nicolae_quartered_pool_little,
          uniq_harold
Lair:3:   layout_roguey, chequers_serial_rivers_micro_d, lemuel_centaur_altar,
          uniq_amaemon
Lair:4:   layout_cave_pods, slime_entry_1, serial_bayou_shore_a
Lair:5:   minmay_lair_end_enchanted_forest, layout_cave_pods,
          grunt_forest_large_clearings, grunt_megastairs_1, lemuel_fruit_fields,
          infiniplex_staircase_pool
Slime:1:  layout_caves
Slime:2:  layout_caves
Slime:3:  layout_caves
Slime:4:  layout_caves, cheibrodos_slime_lost_civilization_4, uniq_dissolution
Slime:5
Orc:1:    layout_caves, basic_altar, serial_shops, shop
Orc:2:    st_orc_congregation, layout_caves

Skill      XL: |  1  2  3  4  5  6  7  8  9 10 11 12 13 14 |
---------------+-------------------------------------------+-----
Invocations    | 1 2 3 4 5 6 7 8 9 10 | 10.5
Short Blades   | 1 2 3 5 6 7 8 9 |  9.7
Long Blades    | 1 2 3 5 6 7 8 9 |  9.7
Axes           | 1 2 3 5 6 7 8 9 |  9.7
Polearms       | 1 2 3 5 6 7 8 9 |  9.7
Staves         | 1 2 3 5 6 7 8 9 |  9.7
Ranged Weapons | 1 2 3 5 6 7 8 9 |  9.7
Throwing       | 1 2 3 5 6 7 8 9 |  9.7
Armour         | 1 2 3 5 6 7 8 9 |  9.7
Shields        | 1 2 3 5 6 7 8 9 |  9.7
Unarmed Combat | 1 2 3 5 6 7 8 9 |  9.7
Spellcasting   | 1 2 3 5 6 7 8 9 |  9.7
Evocations     | 1 2 3 5 6 7 8 9 |  9.7
Conjurations   | 1 2 3 4 5 6 7 8 |  8.1
Hexes          | 1 2 3 4 5 6 7 8 |  8.1
Summonings     | 1 2 3 4 5 6 7 8 |  8.1
Necromancy     | 1 2 3 4 5 6 7 8 |  8.1
Translocations | 1 2 3 4 5 6 7 8 |  8.1
Transmutations | 1 2 3 4 5 6 7 8 |  8.1
Fire Magic     | 1 2 3 4 5 6 7 8 |  8.1
Ice Magic      | 1 2 3 4 5 6 7 8 |  8.1
Air Magic      | 1 2 3 4 5 6 7 8 |  8.1
Earth Magic    | 1 2 3 4 5 6 7 8 |  8.1
Poison Magic   | 1 2 3 4 5 6 7 8 |  8.1
Fighting       | 7 8 9 10 11 | 11.6
Maces & Flails | 7 8 9 10 11 | 11.6
Dodging        | 7 8 9 10 11 | 11.6
Stealth        | 5 6 7 8 9 10 | 10.6

Action                   |  1- 3 |  4- 6 |  7- 9 | 10-12 | 13-15 || total
-------------------------+-------+-------+-------+-------+-------++-------
Melee: Mace              |    87 |    53 |   307 |       |       ||   447
       Punch             |     1 |       |       |       |       ||     1
       Bite              |     4 |     4 |    47 |    84 |    98 ||   237
       Broad axe         |       |       |    85 |   488 |   517 ||  1090
       Kick              |       |       |     5 |    35 |       ||    40
Invok: Slimify           |       |       |       |       |     1 ||     1
       Oozemancy         |       |       |       |       |     1 ||     1
  Use: Scroll            |       |       |       |     9 |     1 ||    10
       Potion            |       |       |       |     1 |     1 ||     2
 Stab: Sleeping          |    14 |     3 |     4 |    12 |     8 ||    41
       Distracted        |       |       |     1 |     3 |     2 ||     6
       Confused          |       |       |       |    23 |    74 ||    97
Armor: Robe              |     8 |       |       |       |       ||     8
       Scale mail        |       |    13 |       |       |       ||    13
       Chain mail        |       |     8 |   205 |       |       ||   213
       Acid dragon scale |       |       |    29 |   182 |   118 ||   329
Dodge: Dodged            |    51 |    22 |   159 |   667 |   543 ||  1442
Block: Kite shield       |    19 |    21 |   246 |   440 |   424 ||  1150
